PCL
LAS VEGAS STARS @ MEXICO CITY CERVECEROS
09/07/2028
 
TOP OF THE 1ST
Las Vegas Stars batting - Pitching for Mexico City Cerveceros : RHP Darryl Carter
Pitching: RHP Darryl Carter
Batting: SHB Júlio Salazar 0-0: Called Strike
0-1: Fly out, F9 (Flyball, 9S)
Batting: RHB Pedro Mata 0-0: Called Strike
0-1: Called Strike
0-2: Ball
1-2: SINGLE (Groundball, 6MD)
Batting: LHB Paco Rivera 0-0: Grounds into double play, 6-4-3 (Groundball, 6)
Top of the 1st over - 0 run(s), 1 hit(s), 0 error(s), 0 left on base; Las Vegas 0 - Mexico City 0
BOTTOM OF THE 1ST
Mexico City Cerveceros batting - Pitching for Las Vegas Stars : RHP Dema Mitenkov
Pitching: RHP Dema Mitenkov
Batting: LHB David Hernández 0-0: Ball
1-0: Called Strike
1-1: Ground out 4-3 (Groundball, 4)
Batting: RHB Lee Price 0-0: Called Strike
0-1: Called Strike
0-2: Ball
1-2: Strikes out swinging
Batting: LHB Michael Barrett 0-0: Called Strike
0-1: Swinging Strike
0-2: Ball
1-2: SINGLE (Line Drive, 8LS)
Batting: SHB George Adams 0-0: Ball
1-0: Called Strike
1-1: Ball
2-1: Ball
3-1: Called Strike
3-2: Base on Balls
Michael Barrett to second
Batting: LHB Juan García 0-0: Ball
1-0: Called Strike
1-1: Ball
2-1: Reached via error on a dropped throw, E1
Michael Barrett to third
George Adams to second
Batting: LHB Brandon Cummings 0-0: Ball
1-0: Called Strike
1-1: Ball
2-1: Ball
3-1: Foul Ball, location: 2F
3-2: Ground out 3-1 (Groundball, 34)
Bottom of the 1st over - 0 run(s), 1 hit(s), 1 error(s), 3 left on base; Las Vegas 0 - Mexico City 0
TOP OF THE 2ND
Las Vegas Stars batting - Pitching for Mexico City Cerveceros : RHP Darryl Carter
Batting: SHB Sloan James 0-0: Called Strike
0-1: Ground out 3-1 (Groundball, 34S)
Batting: LHB Clint Parkinson 0-0: Called Strike
0-1: SINGLE (Line Drive, 89M)
Batting: RHB Brandon Pope 0-0: Swinging Strike
0-1: Swinging Strike
0-2: Ball
Wild Pitch!
Clint Parkinson to second
1-2: Ball
2-2: Foul Ball, location: 2F
2-2: Strikes out looking
Batting: RHB Jonathan MacVey 0-0: Foul Ball, location: 2F
0-1: Foul Ball, location: 2F
0-2: 2-RUN HOME RUN (Line Drive, 8LXD), Distance : 418 ft
Batting: LHB Nathan Frey 0-0: Ball
1-0: Ball
2-0: Foul Ball, location: 2F
2-1: Foul Ball, location: 2F
2-2: Ball
3-2: Foul Ball, location: 2F
3-2: Foul Ball, location: 2F
3-2: Foul Ball, location: 2F
3-2: Foul Ball, location: 2F
3-2: Fly out, F9 (Flyball, 89S)
Top of the 2nd over - 2 run(s), 2 hit(s), 0 error(s), 0 left on base; Las Vegas 2 - Mexico City 0
BOTTOM OF THE 2ND
Mexico City Cerveceros batting - Pitching for Las Vegas Stars : RHP Dema Mitenkov
Batting: LHB Juan Torres 0-0: Ball
1-0: Foul Ball, location: 2F
1-1: Ball
2-1: Ball
3-1: Base on Balls
Batting: SHB Pancho Vásquez 0-0: Called Strike
0-1: Ball
1-1: Ball
2-1: SINGLE (Groundball, 4M) (infield hit)
Juan Torres to second
Batting: SHB Scott Compton 0-0: Ball
1-0: Foul Ball, location: 2F
1-1: Foul Ball, location: 2F
1-2: Strikes out swinging
Batting: LHB David Hernández 0-0: Ball
1-0: Ball
2-0: Swinging Strike
2-1: Swinging Strike
2-2: Foul Ball, location: 2F
2-2: Ball
3-2: Ground out 5-3 (Groundball, 5S)
Juan Torres to third
Pancho Vásquez to second
Batting: RHB Lee Price 0-0: Ball
1-0: Called Strike
1-1: Foul Ball, location: 2F
1-2: Ball
2-2: Foul Ball, location: 2F
2-2: Ball
3-2: Base on Balls
Batting: LHB Michael Barrett 0-0: Called Strike
0-1: Ball
1-1: Ball
2-1: Ball
3-1: Base on Balls
Juan Torres scores
Pancho Vásquez to third
Lee Price to second
Batting: SHB George Adams 0-0: Ball
1-0: Foul Ball, location: 2F
1-1: Ball
2-1: Foul Ball, location: 2F
2-2: Fly out, F7 (Flyball, 7S)
Bottom of the 2nd over - 1 run(s), 1 hit(s), 0 error(s), 3 left on base; Las Vegas 2 - Mexico City 1
TOP OF THE 3RD
Las Vegas Stars batting - Pitching for Mexico City Cerveceros : RHP Darryl Carter
Batting: RHB Bobby Miller 0-0: Foul Ball, location: 2F
0-1: Ball
1-1: Ball
2-1: Called Strike
2-2: Foul Ball, location: 2F
2-2: Ball
3-2: Base on Balls
Batting: SHB Júlio Salazar 0-0: Called Strike
0-1: Fly out, F7 (Flyball, 7S)
Batting: RHB Pedro Mata 0-0: Ball
1-0: Called Strike
1-1: Called Strike
1-2: Foul Ball, location: 2F
1-2: Ball
2-2: Foul Ball, location: 2F
2-2: Fielders Choice at 2nd, 6-4 (Groundball, 6M)
Batting: LHB Paco Rivera 0-0: Ball
Pedro Mata steals 2nd base
1-0: Ball
2-0: Called Strike
2-1: Ball
3-1: Foul Ball, location: 2F
3-2: Base on Balls
Batting: SHB Sloan James 0-0: Fielders Choice at 2nd, 5-4 (Groundball, 5)
Top of the 3rd over - 0 run(s), 0 hit(s), 0 error(s), 1 left on base; Las Vegas 2 - Mexico City 1
BOTTOM OF THE 3RD
Mexico City Cerveceros batting - Pitching for Las Vegas Stars : RHP Dema Mitenkov
Batting: LHB Juan García 0-0: Ball
1-0: Ball
2-0: Ball
3-0: Base on Balls
Batting: LHB Brandon Cummings 0-0: Ball
1-0: Foul Ball, location: 2F
1-1: Ball
2-1: Foul Ball, location: 2F
2-2: Ball
3-2: Base on Balls
Juan García to second
Batting: LHB Juan Torres 0-0: Ball
1-0: Ball
2-0: Ball
3-0: Called Strike
3-1: Base on Balls
Juan García to third
Brandon Cummings to second
Batting: SHB Pancho Vásquez 0-0: Ball
1-0: Fly out, F7 (Flyball, 78M)
Runner from 3rd tags up, OUT at HOME
Brandon Cummings to third
Juan Torres to second
Batting: SHB Scott Compton 0-0: Ball
1-0: Ball
2-0: Ground out 4-3 (Groundball, 4)
Bottom of the 3rd over - 0 run(s), 0 hit(s), 0 error(s), 2 left on base; Las Vegas 2 - Mexico City 1
TOP OF THE 4TH
Las Vegas Stars batting - Pitching for Mexico City Cerveceros : RHP Darryl Carter
Batting: LHB Clint Parkinson 0-0: Ball
1-0: Ball
2-0: Foul Ball, location: 2F
2-1: Ball
3-1: Base on Balls
Batting: RHB Brandon Pope 0-0: Ball
1-0: Single, Error in OF, E8, batter to second base
Clint Parkinson to third
Batting: RHB Jonathan MacVey 0-0: Ball
1-0: Reached on error, E6 (Groundball, 6)
Clint Parkinson scores
Brandon Pope to third
Batting: LHB Nathan Frey 0-0: Ball
1-0: SINGLE (Line Drive, 9S)
Brandon Pope scores
Jonathan MacVey to second
Runner from 2nd tries for 3rd, SAFE, throw made to third
Batting: RHB Bobby Miller 0-0: Swinging Strike
0-1: Ball
1-1: Fly out, F8 (Flyball, 8LS)
Batting: SHB Júlio Salazar 0-0: Ball
1-0: Ball
2-0: Called Strike
2-1: Ball
3-1: Fly out, F9 (Line Drive, 9D)
Runner from 3rd tags up, SCORES, no throw
Batting: RHB Pedro Mata 0-0: Ball
Wild Pitch!
Nathan Frey to second
1-0: Ball
2-0: Called Strike
2-1: Ball
3-1: Foul Ball, location: 2F
3-2: Ground out 6-3 (Groundball, 6S)
Top of the 4th over - 3 run(s), 2 hit(s), 2 error(s), 1 left on base; Las Vegas 5 - Mexico City 1
BOTTOM OF THE 4TH
Mexico City Cerveceros batting - Pitching for Las Vegas Stars : RHP Dema Mitenkov
Batting: LHB David Hernández 0-0: Foul Ball, location: 2F
0-1: Ball
1-1: Ball
2-1: SOLO HOME RUN (Flyball, 9D), Distance : 359 ft
Batting: RHB Lee Price 0-0: Ball
1-0: Ball
2-0: Foul Ball, location: 2F
2-1: Called Strike
2-2: Ball
3-2: Foul Ball, location: 2F
3-2: Base on Balls
Batting: LHB Michael Barrett 0-0: Ball
1-0: Ball
Lee Price steals 2nd base
2-0: Ball
3-0: Called Strike
3-1: Foul Ball, location: 2F
3-2: Foul Ball, location: 2F
3-2: Ground out 5-3 (Groundball, 56)
Pitching: RHP Pepe Vázquez
Batting: SHB George Adams 0-0: Ball
1-0: Ball
Wild Pitch!
Lee Price to third
2-0: Ground out 4-3 (Groundball, 4)
Lee Price scores
Batting: LHB Juan García 0-0: SOLO HOME RUN (Flyball, 8RXD), Distance : 419 ft
Batting: LHB Brandon Cummings 0-0: Foul Ball, location: 2F
0-1: Swinging Strike
0-2: Ball
1-2: Strikes out swinging
Bottom of the 4th over - 3 run(s), 2 hit(s), 0 error(s), 0 left on base; Las Vegas 5 - Mexico City 4
TOP OF THE 5TH
Las Vegas Stars batting - Pitching for Mexico City Cerveceros : RHP Darryl Carter
Pitching: RHP David Sheppard
Batting: LHB Paco Rivera 0-0: Swinging Strike
0-1: Ball
1-1: Foul Ball, location: 2F
1-2: Strikes out swinging
Batting: SHB Sloan James 0-0: Foul Ball, location: 2F
0-1: Called Strike
0-2: Ball
1-2: Strikes out swinging
Batting: LHB Clint Parkinson 0-0: Ground out U3 (Groundball, 34S)
Top of the 5th over - 0 run(s), 0 hit(s), 0 error(s), 0 left on base; Las Vegas 5 - Mexico City 4
BOTTOM OF THE 5TH
Mexico City Cerveceros batting - Pitching for Las Vegas Stars : RHP Pepe Vázquez
Batting: LHB Juan Torres 0-0: Foul Ball, location: 2F
0-1: Foul Ball, location: 2F
0-2: Ball
1-2: DOUBLE (Flyball, 7D)
Batting: SHB Pancho Vásquez 0-0: Ball
1-0: Ball
2-0: Called Strike
2-1: Ball
3-1: Ground out 6-3 (Groundball, 6)
Batting: SHB Scott Compton 0-0: Called Strike
0-1: Ball
1-1: Called Strike
1-2: Ball
2-2: Ball
3-2: Foul Ball, location: 2F
3-2: Foul Ball, location: 2F
3-2: Foul Ball, location: 2F
3-2: Base on Balls
Batting: LHB David Hernández 0-0: Ball
1-0: Fielders Choice at 2nd, 6-4 (Groundball, 6)
Juan Torres to third
Batting: RHB Lee Price 0-0: Called Strike
0-1: SINGLE (Groundball, 6D)
Juan Torres scores
David Hernández to second
Batting: LHB Michael Barrett 0-0: Called Strike
0-1: Ball
1-1: Ground out 4-3 (Groundball, 4MD)
Bottom of the 5th over - 1 run(s), 2 hit(s), 0 error(s), 2 left on base; Las Vegas 5 - Mexico City 5
TOP OF THE 6TH
Las Vegas Stars batting - Pitching for Mexico City Cerveceros : RHP David Sheppard
Batting: RHB Brandon Pope 0-0: Called Strike
0-1: Swinging Strike
0-2: Ball
1-2: Strikes out swinging
Batting: RHB Jonathan MacVey 0-0: Called Strike
0-1: DOUBLE (Flyball, 7LM)
Batting: LHB Nathan Frey 0-0: Ball
1-0: Called Strike
1-1: Called Strike
1-2: Foul Ball, location: 2F
1-2: Strikes out swinging
Batting: RHB Bobby Miller 0-0: Ball
1-0: SINGLE (Line Drive, 56D)
Jonathan MacVey to third
Runner from 3rd tries for Home, SAFE, no throw
Batting: SHB Júlio Salazar 0-0: Ball
1-0: Fly out, F7 (Flyball, 7S)
Top of the 6th over - 1 run(s), 2 hit(s), 0 error(s), 1 left on base; Las Vegas 6 - Mexico City 5
BOTTOM OF THE 6TH
Mexico City Cerveceros batting - Pitching for Las Vegas Stars : RHP Pepe Vázquez
Batting: SHB George Adams 0-0: Foul Ball, location: 2F
0-1: Ground out 4-3 (Groundball, 4)
Batting: LHB Juan García 0-0: Ground out 4-3 (Groundball, 4)
Batting: LHB Brandon Cummings 0-0: Swinging Strike
0-1: Foul Ball, location: 2F
0-2: Fly out, F6 (Line Drive, 6M)
Bottom of the 6th over - 0 run(s), 0 hit(s), 0 error(s), 0 left on base; Las Vegas 6 - Mexico City 5
TOP OF THE 7TH
Las Vegas Stars batting - Pitching for Mexico City Cerveceros : RHP David Sheppard
Batting: RHB Pedro Mata 0-0: Ball
1-0: Foul Ball, location: 2F
1-1: Ball
2-1: Called Strike
2-2: Foul Ball, location: 2F
2-2: Ground out 6-3 (Groundball, 6)
Batting: LHB Paco Rivera 0-0: Foul Ball, location: 2F
0-1: Ground out U3 (Groundball, 34S)
Batting: SHB Sloan James 0-0: Ball
1-0: Swinging Strike
1-1: Ball
2-1: Foul Ball, location: 2F
2-2: Strikes out swinging
Top of the 7th over - 0 run(s), 0 hit(s), 0 error(s), 0 left on base; Las Vegas 6 - Mexico City 5
BOTTOM OF THE 7TH
Mexico City Cerveceros batting - Pitching for Las Vegas Stars : RHP Pepe Vázquez
Batting: LHB Juan Torres 0-0: SOLO HOME RUN (Flyball, 89XD), Distance : 402 ft
Pitching: RHP Júlio Sandoval
Pinch Hitting: LHB John Bond 0-0: Foul Ball, location: 2F
0-1: Ball
1-1: Called Strike
1-2: Strikes out swinging
Batting: SHB Scott Compton 0-0: Ball
1-0: Called Strike
1-1: Ball
2-1: Foul Ball, location: 2F
2-2: Hit by Pitch
Batting: LHB David Hernández 0-0: Ball
1-0: Foul Ball, location: 2F
1-1: Ball
2-1: Foul Ball, location: 2F
2-2: Ball
3-2: Base on Balls
Scott Compton to second
Pitching: RHP Roberto Moreno
Batting: RHB Lee Price 0-0: Ball
1-0: Fly out, F7 (Flyball, 78S)
Batting: LHB Michael Barrett 0-0: Ball
1-0: Foul Ball, location: 2F
1-1: Ball
2-1: Swinging Strike
2-2: Ball
3-2: Fly out, F7 (Flyball, 7)
Bottom of the 7th over - 1 run(s), 1 hit(s), 0 error(s), 2 left on base; Las Vegas 6 - Mexico City 6
TOP OF THE 8TH
Las Vegas Stars batting - Pitching for Mexico City Cerveceros : RHP David Sheppard
Now in CF: Ángel Díaz
Batting: LHB Clint Parkinson 0-0: Swinging Strike
0-1: SINGLE (Flyball, 8LS)
Batting: RHB Brandon Pope 0-0: Sac Bunt - play at first, batter OUT! 1-4
Clint Parkinson to second
Batting: RHB Jonathan MacVey 0-0: Ball
1-0: Fly out, F5 (Line Drive, 5)
Batting: LHB Nathan Frey 0-0: Called Strike
0-1: Ball
1-1: Foul Ball, location: 2F
1-2: Foul Ball, location: 2F
1-2: Ball
2-2: Fly out, F7 (Flyball, 7S)
Top of the 8th over - 0 run(s), 1 hit(s), 0 error(s), 1 left on base; Las Vegas 6 - Mexico City 6
BOTTOM OF THE 8TH
Mexico City Cerveceros batting - Pitching for Las Vegas Stars : RHP Roberto Moreno
Batting: SHB George Adams 0-0: SINGLE (Groundball, 6MD)
Batting: LHB Juan García 0-0: Called Strike
0-1: Swinging Strike
0-2: Strikes out swinging
Pitching: RHP Jorge Oliva
Batting: LHB Brandon Cummings 0-0: Foul Ball, location: 2F
0-1: Ball
1-1: Sac Bunt - play at second, runner OUT! 1-6
Batting: LHB Juan Torres 0-0: Ball
1-0: Foul Ball, location: 2F
1-1: Ball
Wild Pitch!
Brandon Cummings to second
2-1: Foul Ball, location: 2F
2-2: Ball
3-2: Strikes out looking
Bottom of the 8th over - 0 run(s), 1 hit(s), 0 error(s), 1 left on base; Las Vegas 6 - Mexico City 6
TOP OF THE 9TH
Las Vegas Stars batting - Pitching for Mexico City Cerveceros : RHP David Sheppard
Pitching: RHP Wayne Walker
Pinch Hitting: SHB Richard Griffin 0-0: Called Strike
0-1: Foul Ball, location: 2F
0-2: Foul Ball, location: 2F
0-2: Ball
1-2: Strikes out swinging
Batting: SHB Júlio Salazar 0-0: Fly out, F7 (Line Drive, 78D)
Batting: RHB Pedro Mata 0-0: Ball
1-0: Ball
2-0: Called Strike
2-1: Ball
3-1: Called Strike
3-2: Ground out 5-3 (Groundball, 56)
Top of the 9th over - 0 run(s), 0 hit(s), 0 error(s), 0 left on base; Las Vegas 6 - Mexico City 6
BOTTOM OF THE 9TH
Mexico City Cerveceros batting - Pitching for Las Vegas Stars : RHP Jorge Oliva
Now at 3B: Richard Griffin
Pinch Hitting: RHB Ray Ervin 0-0: Ball
1-0: Fly out, F6 (Line Drive, 6)
Batting: SHB Scott Compton 0-0: Ball
1-0: Swinging Strike
1-1: Ball
2-1: Ball
3-1: Base on Balls
Batting: LHB David Hernández 0-0: Swinging Strike
0-1: Ball
1-1: Called Strike
1-2: Strikes out swinging
Batting: RHB Lee Price 0-0: Called Strike
0-1: Ball
1-1: Foul Ball, location: 2F
1-2: Ground out 6-3 (Groundball, 56)
Bottom of the 9th over - 0 run(s), 0 hit(s), 0 error(s), 1 left on base; Las Vegas 6 - Mexico City 6
TOP OF THE 10TH
Las Vegas Stars batting - Pitching for Mexico City Cerveceros : RHP Wayne Walker
Now in CF: Collin Smith
Batting: LHB Paco Rivera 0-0: Ball
1-0: Ball
2-0: Called Strike
2-1: DOUBLE (Line Drive, 9LM)
Batting: SHB Sloan James 0-0: Called Strike
0-1: Foul Ball, location: 2F
0-2: Ball
1-2: Ball
2-2: Fly out, F9 (Flyball, 9S)
Batting: LHB Clint Parkinson 0-0: Swinging Strike
0-1: Ball
1-1: Ground out U3 (Groundball, 34)
Paco Rivera to third
Batting: RHB Brandon Pope 0-0: SINGLE (Line Drive, 89M)
Paco Rivera scores
Batting: RHB Jonathan MacVey 0-0: SINGLE (Groundball, 56D)
Brandon Pope to second
Batting: LHB Nathan Frey 0-0: Called Strike
0-1: Ball
1-1: Swinging Strike
1-2: Foul Ball, location: 2F
1-2: Ball
2-2: 3-RUN HOME RUN (Flyball, 7D), Distance : 354 ft
Pitching: LHP Columbo Briatori
Batting: SHB Richard Griffin 0-0: Ground out 6-3 (Groundball, 6)
Top of the 10th over - 4 run(s), 4 hit(s), 0 error(s), 0 left on base; Las Vegas 10 - Mexico City 6
BOTTOM OF THE 10TH
Mexico City Cerveceros batting - Pitching for Las Vegas Stars : RHP Jorge Oliva
Batting: LHB Michael Barrett 0-0: Ball
1-0: Called Strike
1-1: Foul Ball, location: 2F
1-2: Foul Ball, location: 2F
1-2: Ball
2-2: Foul Ball, location: 2F
2-2: Foul Ball, location: 2F
2-2: SOLO HOME RUN (Flyball, 9LD), Distance : 316 ft
Batting: SHB George Adams 0-0: Ground out 6-3 (Groundball, 6)
Batting: LHB Juan García 0-0: Ball
1-0: Ball
2-0: Foul Ball, location: 2F
2-1: Fly out, F5 (Line Drive, 5)
Now at SS: Héctor Barajas
Batting: LHB Brandon Cummings 0-0: Called Strike
0-1: Ground out 4-3 (Groundball, 4)
Bottom of the 10th over - 1 run(s), 1 hit(s), 0 error(s), 0 left on base; Las Vegas 10 - Mexico City 7
Tuesday, August 8th, 2017 - OOTP Baseball 17.12 Build 75